 Dungeon Crawl Stone Soup version 0.23.2-1-ga50397a (webtiles) character file.

Game seed: 13412870180326882160

6202 shadizar the Protected (level 10, 0/65 HPs)
             Began as a Gargoyle Fighter on May 14, 2019.
             Was a Follower of the Shining One.
             Slain by a white ugly thing (35 damage)
             ... on level 9 of the Dungeon.
             The game lasted 00:15:18 (9666 turns).

shadizar the Protected (Gargoyle Fighter)           Turns: 9666, Time: 00:15:19

Health: 0/65       AC: 24    Str: 27    XL:     10   Next: 91%
Magic:  10/10      EV:  9    Int: 10    God:    the Shining One [*.....]
Gold:   380        SH: 12    Dex: 14    Spells: 9/9 levels left

rFire    . . .     SeeInvis .   G - +4 flail
rCold    . . .     Gourm    .   c - +0 shield
rNeg     + . .     Faith    .   H - +0 plate armour
rPois    ∞         Spirit   .   (no helmet)
rElec    +         Reflect  .   l - +1 cloak
rCorr    .         Harm     .   E - +0 pair of gloves
MR       .....                  (no boots)
Stlth    ..........             (no amulet)
HPRegen  0.20/turn              (no ring)
MPRegen  0.12/turn              x - +5 ring of dexterity

@: mighty, glowing
A: negative energy resistance 1, electricity resistance, unbreathing,
petrification resistance, rot immunity, AC +7
a: Renounce Religion


You were on level 9 of the Dungeon.
You worshipped the Shining One.
The Shining One was aware of your devotion.
You were hungry.

You visited 2 branches of the dungeon, and saw 10 of its levels.
You also visited: Sewer.

You collected 380 gold pieces.

Inventory:

Hand Weapons
 s - a +3 whip of electrocution
 y - a +4 scimitar of flaming
 G - a +4 flail (weapon)
Armour
 a - the +4 ring mail of Poor Excuses {rElec rF+ rC+, unknown}
   (You found it on level 5 of the Dungeon)

   It protects you from fire.
   It protects you from cold.
   It insulates you from electricity.
 b - a +0 scale mail
 c - a +0 shield (worn)
 l - a +1 cloak (worn)
 E - a +0 pair of gloves (worn)
 H - a +0 plate armour (worn)
Jewellery
 p - an uncursed amulet of the gourmand {unknown}
 x - a +5 ring of dexterity (right hand)
Wands
 k - a wand of polymorph (6)
 r - a wand of paralysis (4)
 A - a wand of flame (8)
 F - a wand of digging (3)
 M - a wand of iceblast (11)
Scrolls
 d - 3 scrolls of immolation {unknown}
 e - 5 scrolls of blinking {unknown}
 g - 8 scrolls of remove curse
 n - 2 scrolls of fear {unknown}
 o - 2 scrolls of random uselessness {unknown}
 q - a scroll of amnesia {unknown}
 u - 5 scrolls of identify
 B - a scroll of teleportation {unknown}
 C - a scroll of fog {unknown}
 I - a scroll of vulnerability {unknown}
 L - a scroll of magic mapping {unknown}
Potions
 h - a potion of heal wounds
 i - 3 potions of flight
 j - a potion of agility {unknown}
 m - 2 potions of resistance
 t - a potion of berserk rage {unknown}
 v - a potion of degeneration {unknown}
 w - a potion of invisibility {unknown}
 z - a potion of lignification {unknown}
 J - a potion of curing {unknown}
Comestibles
 f - 9 rations


   Skills:
 + Level 8.6 Fighting
 + Level 7.5 Maces & Flails
 + Level 8.6 Armour
 + Level 5.9 Dodging
 + Level 8.6 Shields


You had 9 spell levels left.
You didn't know any spells.
Your spell library contained the following spells:

 Spells                   Type           Power        Failure   Level  Hunger
 Flame Tongue             Conj/Fire      #....        100%        1    ##.....
 Throw Flame              Conj/Fire      #.....       100%        2    ###....
 Conjure Flame            Conj/Fire      #.......     100%        3    ####...
 Inner Flame              Hex/Fire       #.......     100%        3    ####...
 Sticky Flame             Conj/Fire      #.......     100%        4    #####..
 Fireball                 Conj/Fire      #.........   100%        5    ######.


Dungeon Overview and Level Annotations

Branches:
Dungeon (9/15)             Temple (1/1) D:5
   Lair: D:8-11         Orc: D:9-12

Altars:
Ashenzari
Cheibriados
Dithmenos
Elyvilon
Fedhas
Gozag
Kikubaaqudgha
Makhleb
Nemelex Xobeh
Okawaru
Qazlal
Ru
Sif Muna
Trog
Vehumet
Wu Jian
Xom
Yredelemnul
Zin
The Shining One

Shops:
D:8 *

Annotations:
D:2 Sigmund
D:7 2 transporters, Alter's ghost, novice GnFi
D:8 2 runed translucent doors, myga's ghost, novice MiFi


Innate Abilities, Weirdness & Mutations

You are resistant to torment.
Your stone body is resilient. (AC +7)
You are immune to poison.
You resist negative energy. (rN+)
You are resistant to electric shocks. (rElec)
You can survive without breathing.
You are immune to petrification.
You are immune to rotting.


Message History

You block the water moccasin's attack.
You block the white ugly thing's attack.
The water moccasin barely misses you.
You hit the white ugly thing.
The white ugly thing is heavily wounded.
You block the water moccasin's attack. The white ugly thing tail-slaps you.
The white ugly thing freezes you!!
You sock the white ugly thing!
The white ugly thing is severely wounded.
You block the water moccasin's attack.
The white ugly thing tail-slaps you but does no damage.
You block the water moccasin's attack.
You feel much better.
The water moccasin bites you but does no damage.
You block the white ugly thing's attack.
You feel very mighty all of a sudden. You block the water moccasin's attack.
The white ugly thing tail-slaps you. The white ugly thing freezes you!!
Ouch! That really hurt!
You die...

.###### #......#
#......### #.........
#......... +
#.........
#####Y#######.........
....WTS@uSO...........
....#######...........
# #...<.......
#...........
##########..


You could see a white ugly thing, a yak, a troll, a phantom, a water moccasin,
an ogre and an adder.

Vanquished Creatures
  A two-headed ogre (D:8)
  Erica (D:8)
  Pikel (D:6)
  Joseph (D:7)
  A hornet (D:8)
  A hippogriff (D:8)
  Duvessa (D:7)
  An orc warrior (D:8)
  2 slaves (D:6)
  A phantom (D:6)
  A black bear (D:8)
  2 ogres
  A centaur (D:8)
  2 big kobolds
  Blork the orc (D:4)
  3 bullfrogs
  Dowan (D:7)
  3 scorpions
  A water moccasin skeleton (D:7)
  11 killer bees
  9 wights
  3 vampire bats (D:6)
  A howler monkey (D:5)
  4 electric eels (D:6)
  A centaur zombie (D:8)
  2 bullfrog zombies
  2 crimson imps
  7 orc priests
  3 hounds
  A bullfrog skeleton (D:8)
  4 iguanas
  8 worker ants
  9 orc wizards
  2 hound zombies
  A hound skeleton (D:5)
  7 adders
  3 gnolls (D:2)
  3 river rats (Sewer)
  An adder skeleton (D:7)
  3 worms
  A dart slug (D:3)
  10 leopard geckos
  31 orcs
  3 ball pythons
  7 bats
  2 bat skeletons (D:6)
  3 bat zombies (D:6)
  3 giant cockroaches
  6 goblins
  3 hobgoblins
  14 jackals
  4 quokkas
  8 frilled lizards
  10 kobolds
  A quokka zombie (D:5)
  7 rats
224 creatures vanquished.

Notes
Turn   | Place    | Note
-------+----------+-------------------------------------------
     0 | D:1      | shadizar the Gargoyle Fighter began the quest for the Orb.
     0 | D:1      | Reached XP level 1. HP: 14/14 MP: 1/1
   173 | D:1      | Reached XP level 2. HP: 17/19 MP: 2/2
   798 | D:2      | Reached XP level 3. HP: 23/23 MP: 3/3
   890 | D:2      | You fall through a shaft!
   945 | D:3      | Reached skill level 1 in Dodging
   945 | D:3      | Reached XP level 4. HP: 25/29 MP: 4/4
   984 | D:3      | Found a glowing drain.
  1058 | Sewer    | Entered a sewer
  1448 | Sewer    | Noticed a big kobold
  1517 | Sewer    | Killed a big kobold
  1517 | Sewer    | Reached XP level 5. HP: 28/33 MP: 5/5
  1539 | Sewer    | Found a white marble altar of Elyvilon.
  1869 | D:4      | Reached XP level 6. HP: 29/39 MP: 6/6
  2328 | D:2      | Found a shadowy altar of Dithmenos.
  2486 | D:2      | Noticed Sigmund
  2774 | D:3      | Paralysed by a hobgoblin for 7 turns
  3183 | D:4      | Reached XP level 7. HP: 44/44 MP: 7/7
  3275 | D:4      | Noticed Blork the orc
  3291 | D:4      | Killed Blork the orc
  3350 | D:4      | Reached skill level 5 in Armour
  3840 | D:5      | Entered Level 5 of the Dungeon
  3850 | D:5      | Reached skill level 5 in Fighting
  3850 | D:5      | Reached skill level 5 in Shields
  4326 | D:6      | Found a shimmering altar of Xom.
  4643 | D:6      | Found an ornate altar of the Wu Jian Council.
  4669 | D:6      | Reached XP level 8. HP: 49/49 MP: 8/8
  5071 | D:6      | Found a radiant altar of Vehumet.
  5071 | D:6      | Found a basalt altar of Yredelemnul.
  5071 | D:6      | Noticed Pikel
  5106 | D:6      | Killed Pikel
  5106 | D:6      | Reached skill level 5 in Maces & Flails
  5120 | D:6      | Found a blossoming altar of Fedhas.
  5773 | D:6      | Reached XP level 9. HP: 54/56 MP: 9/9
  5820 | D:6      | Found an ancient bone altar of Kikubaaqudgha.
  5887 | D:6      | Found an opulent altar of Gozag.
  6036 | D:7      | Noticed Dowan
  6037 | D:7      | Noticed Duvessa
  6058 | D:7      | Killed Duvessa
  6061 | D:7      | Killed Dowan
  6120 | D:7      | Noticed Joseph
  6158 | D:7      | Killed Joseph
  6178 | D:7      | Found a transporter.
  6182 | D:7      | Noticed Alter's ghost (novice GnFi)
  6196 | D:7      | Found a transporter.
  6750 | D:5      | Found a stormy altar of Qazlal.
  6833 | D:5      | Got a steaming ring mail
  6964 | D:5      | Found a staircase to the Ecumenical Temple.
  6973 | Temple   | Entered the Ecumenical Temple
  7008 | Temple   | Became a worshipper of the Shining One
  7166 | D:5      | Found a sacrificial altar of Ru.
  8049 | D:3      | Reached XP level 10. HP: 32/63 MP: 10/10
  8279 | D:8      | Found Hoinurant's General Store.
  8302 | D:8      | Reached skill level 5 in Dodging
  8472 | D:8      | Noticed Erica
  8484 | D:8      | Killed Erica
  8638 | D:8      | Found a sacrificial altar of Ru.
  8642 | D:8      | Reached * piety under the Shining One
  8894 | D:8      | Noticed a two-headed ogre
  8904 | D:8      | Killed a two-headed ogre
  9089 | D:8      | Found a large runed translucent door.
  9089 | D:8      | Found a large runed translucent door.
  9098 | D:8      | Noticed myga's ghost (novice MiFi)
  9650 | D:9      | Noticed a white ugly thing
  9666 | D:9      | Slain by a white ugly thing

Skill      XL: |  1  2  3  4  5  6  7  8  9 10 |
---------------+-------------------------------+-----
Dodging        | 1 2 3 4 5 |  5.9
Fighting       | 4 5 6 7 8 |  8.6
Maces & Flails | 3 4 5 6 7 |  7.5
Armour         | 4 5 6 7 8 |  8.6
Shields        | 4 5 6 7 8 |  8.6

Action                   |  1- 3 |  4- 6 |  7- 9 | 10-12 || total
-------------------------+-------+-------+-------+-------++-------
Melee: Flail             |   106 |   260 |    65 |   204 ||   635
       Whip              |       |     5 |   393 |       ||   398
       Unarmed           |       |       |    10 |       ||    10
  Use: Potion            |       |     1 |     1 |     3 ||     5
       Scroll            |       |       |     2 |       ||     2
  Eat: Chunk             |       |     8 |    16 |     5 ||    29
Armor: Scale mail        |    79 |   167 |     3 |       ||   249
       Plate armour      |       |       |   294 |   117 ||   411
Dodge: Dodged            |    39 |    72 |   101 |    80 ||   292
Block: Shield            |    62 |   157 |   206 |   154 ||   579
